 Dungeon Crawl Stone Soup version 0.30-a0-694-g3340775977 (webtiles) character file.

Game seed: 2580154275272378250

382 Alitron123 the Covered (level 6, 0/54 HPs)
             Began as an Armataur Fighter on Jan 20, 2023.
             Slain by a gnoll
             ... wielding a +0 halberd
             ... led by a gnoll bouda
              (10 damage)
             ... on level 3 of the Dungeon.
             The game lasted 00:04:40 (2418 turns).

Alitron123 the Covered (Armataur Fighter)           Turns: 2418, Time: 00:04:40

Health: 0/54       AC:  8    Str: 23    XL:     6   Next: 47%
Magic:  6/6        EV:  7    Int:  9    God:
Gold:   282        SH:  4    Dex:  9    Spells: 5/5 levels left

rFire   . . .      SeeInvis .    a - +0 flail
rCold   . . .      Faith    .    c - +0 buckler
rNeg    . . .      Spirit   .    b - +0 scale mail
rPois   +          Reflect  .    (no helmet)
rElec   .          Harm     .    (no cloak)
rCorr   .          Roll     +    e - +0 pair of gloves
Will    .....                    (no barding) Stlth
                                 (no amulet)
HPRegen 0.29/turn                g - ring of wizardry
MPRegen 0.10/turn                q - ring of poison resistance

@: mighty
A: large, rugged brown scales 3, deformed body, armoured tail, roll, long
tongue, awkward tongue
a: no special abilities


You were on level 3 of the Dungeon.
You visited 1 branch of the dungeon, and saw 3 of its levels.
You also visited: Sewer.

You collected 282 gold pieces.

Inventory:

Hand Weapons
 a - a +0 flail (weapon)
Armour
 b - a +0 scale mail (worn)
 c - a +0 buckler (worn)
 e - a +0 pair of gloves (worn)
Jewellery
 g - a ring of wizardry (left hand)
 q - a ring of poison resistance (right hand)
Scrolls
 f - a scroll of blinking {unknown}
 h - a scroll of teleportation {unknown}
 i - a scroll of acquirement {unknown}
 k - a scroll of enchant weapon {unknown}
 o - 2 scrolls of identify {unknown}
 r - a scroll of amnesia {unknown}
 u - a scroll of immolation {unknown}
Potions
 d - a potion of might
 j - 2 potions of flight {unknown}
 l - a potion of degeneration {unknown}
 m - 2 potions of brilliance {unknown}
 n - 2 potions of lignification {unknown}
 p - a potion of curing {unknown}
 s - a potion of heal wounds {unknown}
 t - a potion of haste


   Skills:
 + Level 3.5 Fighting
 + Level 4.2 Maces & Flails
 + Level 5.3 Armour
 + Level 1.0 Dodging
 + Level 0.2 Stealth
 + Level 4.1 Shields


You had 5 spell levels left.
You didn't know any spells.
Your spell library contained the following spells:

 Spells                   Type           Power      Damage    Failure   Level
 Necrotise                Necr           0%         1d4       41%         1
 Ensorcelled Hibernation  Hex/Ice        0%         N/A       54%         2
 Ignite Poison            Fire/Tmut/Pois 0%         N/A       77%         3
 Kindle Blastsparks       Fire/Tloc/Air  0%         2d10      77%         3
 Vampiric Draining        Necr           0%         2d6       77%         3
 Leda's Liquefaction      Hex/Erth       0%         N/A       98%         4
 Manifold Assault         Tloc           0%         N/A       98%         4
 Agony                    Necr           0%         N/A       100%        5
 Freezing Cloud           Conj/Ice/Air   0%         6-21      100%        5
 Metabolic Englaciation   Hex/Ice        0%         N/A       100%        5
 Death Channel            Necr           0%         N/A       100%        6
 Iron Shot                Conj/Erth      0%         9d1       100%        6
 Lehudib's Crystal Spear  Conj/Erth      0%         10d2      100%        8


Dungeon Overview and Level Annotations

Branches:
Dungeon (3/15)              Sewer (visited)

Altars:
Nemelex Xobeh


Innate Abilities, Weirdness & Mutations

You are completely covered in rugged brown scales. (AC +3, +7% HP)
Armour fits poorly on your strangely shaped body.
You have a long armoured tail.
You roll when moving toward enemies. (Rampage)
Your long tongue fully drains potion bottles. (2x potion effects)
Your tongue gives you trouble enunciating. (1.5x scroll delay)


Message History

You barely miss the gnoll bouda.
The gnoll hits you from afar with a +0 spear.
You block the gnoll's attack.
The gnoll bouda barks out a call to the hunt!
The gnolls pick up the pace!
The gnoll hits you from afar with a +0 halberd!
You hit the gnoll bouda.
The gnoll bouda is lightly wounded.
The gnoll completely misses you.
The gnoll hits you from afar with a +0 halberd.
The gnoll hits you but does no damage. The gnoll barely misses you.
You block the gnoll's attack.
The gnoll hits you from afar with a +0 spear.
The gnoll bouda hits you but does no damage.
You are too injured to fight recklessly!
You are too injured to fight recklessly!
You slurp down every last drop of the 2 potions of might!
You feel very mighty all of a sudden. The gnoll barely misses you.
The gnoll hits you but does no damage.
The gnoll bouda hits you with a +0 club.
You block the gnoll's attack.
You bludgeon the gnoll bouda!!
You kill the gnoll bouda!
The gnoll hits you but does no damage. x2
The gnoll hits you from afar with a +0 halberd!
The gnoll hits you but does no damage. The gnoll hits you with a +0 spear.
* * * LOW HITPOINT WARNING * * *
The gnoll hits you from afar with a +0 halberd.
* * * LOW HITPOINT WARNING * * *
Things that are here:
a +0 club; a +0 robe You sock the gnoll!
The gnoll is severely wounded.
You block the gnoll's attack. The gnoll hits you with a +0 spear.
* * * LOW HITPOINT WARNING * * *
The gnoll hits you but does no damage.
You sock the gnoll!
You kill the gnoll!
The gnoll hits you from afar with a +0 halberd!
You die...

###### ..# #..... ..#
#..... #.# #.....
#####.## #.....
#......# #######.....
#......####......#####
#..g)..#.........'...#
#.gg.@.#.##......###.#
#####)##.#.....#####
#...$.##.#.........#
#.....##.#..##.###.#
#.....#.....#......#
#...........########
#....##.#...#
#.......#...#
#....##.#.....


You could see 3 gnolls.

Vanquished Creatures
  Sigmund (D:2)
  A water moccasin (Sewer)
  A gnoll bouda (D:3)
  2 gnolls (D:3)
  2 adders (D:2)
  A river rat (D:3)
  2 worms (D:3)
  4 ball pythons
  4 endoplasms (D:1)
  2 giant cockroaches (D:3)
  8 goblins
  5 hobgoblins
  4 jackals (D:1)
  7 kobolds
  3 quokkas
  6 bats
  A frilled lizard (D:2)
  11 rats
65 creatures vanquished.

Notes
Turn   | Place    | Note
-------+----------+-------------------------------------------
     0 | D:1      | Alitron123 the Armataur Fighter began the quest for the
                  | Orb.
     0 | D:1      | Reached XP level 1. HP: 19/19 MP: 1/1
     2 | D:1      | Noticed a vampire
     4 | D:1      | Noticed a felid
     6 | D:1      | Noticed a ghoul
     6 | D:1      | Noticed a merfolk
     8 | D:1      | Noticed an ogre
    10 | D:1      | Noticed a tengu
    10 | D:1      | Noticed a spriggan
    12 | D:1      | Noticed an armataur
    12 | D:1      | Noticed a gargoyle
    14 | D:1      | Noticed a vine stalker
    14 | D:1      | Noticed an elf
    16 | D:1      | Noticed a demonspawn
    16 | D:1      | Noticed a formicid
    18 | D:1      | Noticed a draconian
    18 | D:1      | Noticed an octopode
    20 | D:1      | Noticed a minotaur
    20 | D:1      | Noticed a naga
    22 | D:1      | Noticed a demigod
    22 | D:1      | Noticed a meteoran
    24 | D:1      | Noticed a human
    24 | D:1      | Noticed a spriggan
    26 | D:1      | Noticed an octopode
   334 | D:1      | Reached XP level 2. HP: 26/26 MP: 2/2
   838 | D:1      | Reached XP level 3. HP: 33/33 MP: 3/3
  1187 | D:2      | Reached skill level 4 in Armour
  1472 | D:2      | Noticed Sigmund
  1487 | D:2      | Killed Sigmund
  1488 | D:2      | Reached XP level 4. HP: 13/40 MP: 4/4
  1488 | D:2      | Reached XP level 5. HP: 16/48 MP: 5/5
  1650 | D:2      | Got the Catalogue of the Dislocated Fjord
  1717 | D:2      | Found a sparkling altar of Nemelex Xobeh.
  2019 | D:3      | Got the Discourse on Ghoulish Imprecation
  2034 | D:3      | Found a faded altar of an unknown god.
  2035 | D:3      | Noticed an eye of devastation
  2037 | D:3      | Noticed an eye of devastation
  2037 | D:3      | Noticed a great orb of eyes
  2037 | D:3      | Noticed a golden eye
  2123 | D:3      | Found a glowing drain.
  2151 | Sewer    | Entered a sewer
  2177 | Sewer    | Noticed a water moccasin
  2183 | Sewer    | Killed a water moccasin
  2184 | Sewer    | Reached skill level 5 in Armour
  2184 | Sewer    | Reached skill level 1 in Dodging
  2184 | Sewer    | Reached XP level 6. HP: 48/54 MP: 6/6
  2418 | D:3      | Slain by a gnoll

Illustrated notes

Levels and vault maps discovered:
D:1:      kb_arrival_jail, layout_basic
D:2:      layout_basic, basic_altar, minmay_pentomino_s4, uniq_sigmund
D:3:      layout_basic, nicolae_overflow_hidden_temple, portal_sewer_entry_b,
          hellmonk_ecumenical_altar_watching_god

Skill      XL: |  1  2  3  4  5 |
---------------+----------------+-----
Maces & Flails | 2 3 4 |  4.2
Fighting       | 3 |  3.5
Armour         | 4 5 |  5.3
Shields        | 4 |  4.1
Dodging        | 1 |  1.0
Stealth        | |  0.2

Action                   |  1- 3 |  4- 6 || total
-------------------------+-------+-------++-------
Melee: Flail             |   109 |    76 ||   185
       Tailslap          |    10 |     6 ||    16
  Use: Potion            |       |     1 ||     1
Armor: Scale mail        |    73 |    32 ||   105
Dodge: Dodged            |    37 |    30 ||    67
Block: Buckler           |    24 |    15 ||    39

Table legend: (Time is in decaauts)
 A = Elapsed time spent in this place.
 B = Non-inter-level travel time spent in this place.
 C = Inter-level travel time spent in this place.
 D = Time resting spent in this place.
 E = Time spent auto-exploring this place.
 F = Levels seen in this place.
 G = Mean time per level.
                   A        B        C        D        E       F      G
               +--------+--------+--------+--------+--------+-----+--------+
         Total |   2469 |   2442 |     27 |      0 |   1926 |   4 |  617.2 |
       Dungeon |   2349 |   2322 |     27 |      0 |   1853 |   3 |  783.0 |
         Sewer |    120 |    120 |      0 |      0 |     73 |   1 |  120.0 |
               +--------+--------+--------+--------+--------+-----+--------+

Top non-repeatable levels by time:
     D:1: 1176 daAuts
     D:2: 730 daAuts
     D:3: 442 daAuts
   Sewer: 120 daAuts
